 Dungeon Crawl Stone Soup version 0.21-a0-110-g8e1637b (webtiles) character file.

426 sagitran the Slasher (level 6, -6/72 HPs)
             Began as a Demonspawn Abyssal Knight on July 10, 2017.
             Was a Believer of Lugonu.
             Mangled by sagitran's ghost (18 damage)
             ... on level 4 of the Dungeon.
             The game lasted 00:16:00 (2294 turns).

sagitran the Slasher (Demonspawn Abyssal Knight)    Turns: 2294, Time: 00:16:01

Health: -6/72      AC: 23    Str: 17    XL:     6   Next: 64%
Magic:  7/7        EV:  2    Int: 13    God:    Lugonu [**....]
Gold:   153        SH:  0    Dex: 12    Spells: 5/5 levels left

rFire    . . .     SeeInvis .   a - +1 falchion
rCold    + . .     Gourm    .   (no shield)
rNeg     + + +     Faith    .   (armour currently unavailable)
rPois    +         Spirit   .   (helmet currently unavailable)
rElec    .         Reflect  .   (cloak currently unavailable)
rCorr    .         Harm     .   (gloves currently unavailable)
MR       .....     NoTele   +   (boots currently unavailable)
Stlth    +.........             (no amulet)
HPRegen  0.22/turn              e - ring of protection from cold
MPRegen  0.10/turn              (no ring)

@: tree-form
A: low mp 1, powered by death 2, strong 1, wild magic 1
a: Depart the Abyss, Bend Space, Renounce Religion


You were on level 4 of the Dungeon.
You worshipped Lugonu.
Lugonu was pleased with you.
You were not hungry.
You were a tree.
You visited 1 branch of the dungeon, and saw 6 of its levels.
You visited the Abyss 1 time.

You collected 153 gold pieces.

Inventory:

Hand Weapons
 a - a +1 falchion (weapon)
 g - a +0 hunting sling
 q - a +0 dagger of speed
Missiles
 h - 40 sling bullets
Armour
 k - a +2 pair of gloves (melded)
 p - a +2 cloak (melded)
 t - a +0 ring mail (melded)
Jewellery
 e - a ring of protection from cold (left branch)
Scrolls
 d - a scroll of amnesia {unknown}
 i - 2 scrolls of magic mapping {unknown}
 j - 2 scrolls of immolation {unknown}
 l - 2 scrolls of enchant weapon
 n - 2 scrolls of remove curse
 o - 4 scrolls of teleportation
 r - 2 scrolls of enchant armour {unknown}
Potions
 w - a potion of cancellation {unknown}
 x - a potion of lignification
 z - a potion of heal wounds {unknown}
Comestibles
 f - 2 royal jellies
 m - 11 fruits
 s - 2 meat rations


   Skills:
 + Level 4.2 Fighting
 + Level 4.3 Long Blades
 + Level 1.2 Slings
 + Level 3.1 Armour
 + Level 2.1 Dodging
 + Level 0.2 Stealth
 + Level 2.6 Invocations


You had 5 spell levels left.
You didn't know any spells.

Dungeon Overview and Level Annotations

Branches:
Dungeon (6/15)
 Temple: D:4-7

Altars:

Annotations:
D:4 sagitran's ghost, amateur DsAK


Innate Abilities, Weirdness & Mutations

((You have sharp toenails.))
You regenerate health from kills.
Your magical capacity is low. (-10% MP)
Your muscles are strong. (Str +2)
Your spells are a little harder to cast, but a little more powerful.


Message History

Sagitran's ghost hits you but does no damage.
You are electrocuted!
* * * LOW HITPOINT WARNING * * *
You hit sagitran's ghost but do no damage.
Sagitran's ghost is lightly damaged.
Sagitran's ghost hits you but does no damage.
You are electrocuted!
* * * LOW HITPOINT WARNING * * *
Okay, then.
You cannot teleport because you are held in place by your roots.
You feel better.
Sagitran's ghost hits you but does no damage.
It was a potion of mutation.
You feel extremely strange.
You feel less energetic.
You feel less in control of your magic.
You feel stronger.
Sagitran's ghost hits you but does no damage.
It was a potion of flight.
Your roots keep you in place.
Sagitran's ghost hits you but does no damage.
You are electrocuted!
You die...

..... ....... #...
......###........ #.##
......#.....##... ##.#
......#.....##.#.###..##
.................>......
...........####.........
#..###..###.....).
#W##......##......
#♣....##..........
#....####.........
#....####.........
#.....##..).......
#...##......##......
......###..###.......
....... #### ....####
...#### ..## ... ##


You could see sagitran's ghost.

Vanquished Creatures
  A hungry ghost (D:4)
  A bullfrog zombie (D:4)
  A hound (D:3)
  Terence (D:3)
  2 worker ants (D:4)
  7 adders
  An ooze (D:1)
  5 worms
  3 dart slugs
  7 orcs
  4 giant cockroaches
  5 goblins
  4 hobgoblins
  5 jackals
  3 quokkas
  2 ball pythons (D:2)
  7 bats
  2 frilled lizards
  3 kobolds (D:2)
  10 rats
74 creatures vanquished.

Notes
Turn   | Place    | Note
-------+----------+-------------------------------------------
     0 | Abyss:1  | sagitran the Demonspawn Abyssal Knight began the quest for the Orb.
     0 | Abyss:1  | Reached XP level 1. HP: 18/18 MP: 2/2
    14 | Abyss:1  | Found a corrupted altar of Lugonu.
    49 | Abyss:1  | Noticed a thrashing horror
    50 | D:1      | Escaped the Abyss
   210 | D:1      | Reached * piety under Lugonu
   296 | D:1      | Gained mutation: You have sharp toenails. [demonic ancestry]
   296 | D:1      | Reached XP level 2. HP: 21/24 MP: 3/3
   802 | D:2      | Gained mutation: You regenerate a little health from kills. [demonic ancestry]
   802 | D:2      | Reached XP level 3. HP: 19/29 MP: 4/4
  1161 | D:2      | Reached skill level 1 in Dodging
  1288 | D:3      | Reached XP level 4. HP: 34/37 MP: 5/5
  1470 | D:3      | Reached ** piety under Lugonu
  1633 | D:3      | Noticed Terence
  1645 | D:3      | Killed Terence
  1673 | D:3      | Gained mutation: You regenerate health from kills. [demonic ancestry]
  1673 | D:3      | Reached XP level 5. HP: 34/42 MP: 6/6
  1685 | D:3      | Reached skill level 1 in Slings
  2094 | D:5      | Entered Level 5 of the Dungeon
  2205 | D:4      | Noticed a hungry ghost
  2233 | D:4      | Killed a hungry ghost
  2233 | D:4      | Reached XP level 6. HP: 46/48 MP: 7/7
  2268 | D:4      | Noticed sagitran's ghost (amateur DsAK)
  2293 | D:4      | Gained mutation: Your magical capacity is low. (-10% MP) [potion of mutation]
  2293 | D:4      | Gained mutation: Your spells are a little harder to cast, but a little more powerful. [potion of mutation]
  2293 | D:4      | Gained mutation: Your muscles are strong. (Str +2) [potion of mutation]
  2294 | D:4      | Mangled by sagitran's ghost

Vault maps used:
D:1:      dpeg_arrival_chase
D:3:      first_bread, uniq_terence
D:4:      minmay_misc_feat_iff, trog_wizard
D:5:      grunt_temple_overflow_champion_of_chaos,
          nicolae_overflow_crystal_walls, grunt_dithmenos_smoke, serial_shops,
          nicolae_shop_trees, basic_altar
D:6:      fiery_altar_vehumet, temple_hall, serial_glass, glass_columns_a,
          glass_columns_c, glass_columns_a, glass_columns_a, glass_columns_a,
          glass_columns_c, glass_columns_c, glass_columns_a, uniq_eustachio,
          uniq_pikel
Abyss:1:  evilmike_abyss_exit_11

Skill      XL: |  1  2  3  4  5 |
---------------+----------------+-----
Long Blades    | 2 3 4 |  4.3
Armour         | 2 3 |  3.1
Dodging        | 1 2 |  2.1
Slings         | 1 |  1.2
Fighting       | 4 |  4.2
Stealth        | |  0.2
Invocations    | |  2.6

Action                   |  1- 3 |  4- 6 || total
-------------------------+-------+-------++-------
Melee: Falchion          |    90 |   129 ||   219
       Kick              |    23 |    41 ||    64
       Dagger            |       |    18 ||    18
 Fire: Hunting sling     |    13 |    11 ||    24
Invok: Depart the Abyss  |     1 |       ||     1
  Use: Scroll            |       |     6 ||     6
       Potion            |       |     5 ||     5
  Eat: Bread ration      |       |     3 ||     3
Armor: Leather armour    |    15 |       ||    15
       Ring mail         |    38 |    96 ||   134
       Skin              |       |     8 ||     8
Dodge: Dodged            |    69 |   117 ||   186
       Rpst.: Falchion   |    21 |    31 ||    52
